 Dungeon Crawl Stone Soup version 0.27-a0-65-gfb268537a3 (webtiles) character file.

Game seed: 3815808839489875669

10819 Demosthentine the Protected (level 12, -3/96 HPs)
             Began as a Formicid Fighter on Jan 9, 2021.
             Was a Priest of Cheibriados.
             Slain by a five-headed hydra (6 damage)
             ... on level 10 of the Dungeon.
             The game lasted 00:13:40 (11777 turns).

Demosthentine the Protected (Formicid Fighter)     Turns: 11777, Time: 00:13:40

Health: -3/96      AC: 16    Str: 31    XL:     12   Next: 0%
Magic:  6/15       EV: 14    Int: 16    God:    Cheibriados [***...]
Gold:   340        SH: 13    Dex: 18    Spells: 11/11 levels left

rFire    + . .     SeeInvis +   C - +3 broad axe
rCold    . . .     Faith    .   c - +0 kite shield
rNeg     . . .     Spirit   .   a - +0 chain mail {rF+}
rPois    +         Reflect  .   (helmet unavailable)
rElec    .         Harm     .   D - +1 cloak
rCorr    .         Rampage  .   (no gloves)
Will     ++...                  e - +1 pair of boots
Stlth    ..........             (no amulet)
HPRegen  0.26/turn              t - ring of poison resistance
MPRegen  0.14/turn              l - ring of willpower

@: very slow
A: permanent stasis, dig shafts and tunnels, four strong arms, antennae 3
a: Dig, Shaft Self, Renounce Religion, Bend Time, Temporal Distortion


You were on level 10 of the Dungeon.
You worshipped Cheibriados.
Cheibriados was most pleased with you.
You visited 2 branches of the dungeon, and saw 11 of its levels.
You also visited: Sewer.

You collected 749 gold pieces.
You spent 409 gold pieces at shops.

Inventory:

Hand Weapons
 C - a +3 broad axe (weapon)
Armour
 a - a +0 chain mail of fire resistance (worn)
 c - a +0 kite shield (worn)
 e - a +1 pair of boots (worn)
 D - a +1 cloak (worn)
Jewellery
 k - an uncursed ring of protection from fire
 l - a ring of willpower (right hand)
 n - a cursed ring of attention {unknown}
 p - a +6 ring of strength
 t - a ring of poison resistance (left hand)
 z - an uncursed ring of positive energy
Wands
 q - a wand of iceblast (15)
 w - a wand of flame (5)
 A - a wand of polymorph (11)
Scrolls
 b - a scroll of identify
 m - 6 scrolls of remove curse
 o - a scroll of amnesia
 r - 2 scrolls of magic mapping
 s - a scroll of silence
 y - a scroll of enchant weapon
 B - a scroll of fog
Potions
 d - 3 potions of might
 f - 2 potions of lignification
 g - a potion of resistance
 i - 5 potions of curing
 j - 3 potions of attraction
 u - 5 potions of flight
 v - a potion of magic
 x - 4 potions of mutation


   Skills:
 + Level 9.5 Fighting
 + Level 8.5 Axes
 + Level 9.6 Armour
 + Level 7.4 Dodging
 - Level 9.0 Shields
 + Level 4.9 Invocations


You had 11 spell levels left.
You didn't know any spells.
Your spell library contained the following spells:

 Spells                   Type           Power        Failure   Level
 Foxfire                  Conj/Fire      0%           67%         1
 Sting                    Tmut/Pois      0%           67%         1
 Poisonous Vapours        Pois/Air       0%           82%         2
 Conjure Flame            Conj/Fire      0%           96%         3
 Ignite Poison            Fire/Tmut/Pois 0%           96%         3
 Inner Flame              Hex/Fire       0%           96%         3
 Mephitic Cloud           Conj/Pois/Air  0%           96%         3
 Olgreb's Toxic Radiance  Pois           0%           100%        4
 Sticky Flame             Conj/Fire      0%           100%        4
 Fireball                 Conj/Fire      0%           100%        5


Dungeon Overview and Level Annotations

Branches:
Dungeon (10/15)            Temple (1/1) D:7            Lair (0/6) D:9
  Sewer (visited)
    Orc: D:9-12

Altars:
Ashenzari
Cheibriados
Dithmenos
Elyvilon
Fedhas
Gozag
Hepliaklqana
Kikubaaqudgha
Makhleb
Nemelex Xobeh
Okawaru
Qazlal
Ru
Sif Muna
Trog
Uskayaw
Vehumet
Wu Jian
Xom
Yredelemnul
Zin
The Shining One

Shops:
D:4 *   D:8 !


Innate Abilities, Weirdness & Mutations

You cannot be hasted, slowed, berserked, paralysed or teleported.
You can dig through walls and to a lower floor.
Your four strong arms can wield two-handed weapons with a shield.
You have a pair of large antennae on your head. (SInv)


Message History

Evoke which item? (* to show all) (? for menu, Esc to quit)
Aiming: Throw Flame
Press: ? - help, Shift-Dir - straight line, f/p - five-headed hydra
Aim: a five-headed hydra (almost dead, 11% to evade)
The puff of flame hits the five-headed hydra.
The five-headed hydra is almost dead.
The five-headed hydra bites you.
* * * LOW HITPOINT WARNING * * *
You block the five-headed hydra's attack. x2
The five-headed hydra barely misses you. x2
Unknown command.
Evoke which item? (* to show all) (? for menu, Esc to quit)
Aiming: Throw Flame
Press: ? - help, Shift-Dir - straight line, f/p - five-headed hydra
Aim: a five-headed hydra (almost dead, 11% to evade)
The puff of flame hits the five-headed hydra.
The five-headed hydra is almost dead.
The five-headed hydra closely misses you.
The five-headed hydra bites you.
You die...

#..#....#.#..#.........##.#.#.#.#
#..#...#.#.#.#.#######.#.#.#.#.#.
#..#...#.#..##.# .#.#.#.#.#.#.
#..#...#.###.#.# .#.##.#.#.#.#
#.....#.#...#..#. .#..#.#.#)#.#
#..#..#..###)#.#.###†#.#.#.#.#.#.
..#.#.##....#.#...).#.#.#.#.#.#.
#.##......#.###'###.##.#.#.#.#
#........#..@D.....##.#.#.#.#
.#####.#########B#########.####
............#.........#.........
............#.#.#.#.#.#.########
...#######..#.[#.#.#..#.# # ..
#..#.#.(...#.#.## #
#....)#...#.....# #
#..#.#.....#.#..# #
#..#..#.#.#..#..# #


You could see a boulder beetle and a five-headed hydra.

Vanquished Creatures
  Harold (D:7)
  3 two-headed ogres
  A death knight (D:10)
  An orc knight (D:10)
  Joseph (D:7)
  Maggie (D:7)
  2 komodo dragons
  A meliai (D:10)
  A troll (D:10)
  3 wargs (D:9)
  Duvessa (D:7)
  4 orc warriors
  A necrophage (D:7)
  8 ogres
  3 phantoms
  5 centaurs
  10 big kobolds
  7 bullfrogs
  2 scorpions
  Dowan (D:7)
  A killer bee (D:10)
  A bullfrog zombie (D:7)
  2 centaur zombies
  4 hounds
  6 jellies
  17 orc wizards
  7 orc priests
  5 worker ants
  9 iguanas
  2 hound skeletons
  2 gnolls (D:3)
  16 adders
  A river rat (Sewer)
  2 shadow imps
  2 white imps
  4 ufetubi
  An ooze (D:2)
  2 adder skeletons
  A worm (D:2)
  2 dart slugs
  10 leopard geckos
  32 orcs
  6 bats
  11 giant cockroaches
  6 goblins
  11 hobgoblins
  11 jackals
  4 quokkas
  3 ball pythons
  4 frilled lizards
  A giant cockroach zombie (D:6)
  54 kobolds
  A leopard gecko zombie (D:9)
  A quokka skeleton (D:4)
  7 rats
306 creatures vanquished.

Vanquished Creatures (others)
  A plant (D:9)
1 creature vanquished.

Grand Total: 307 creatures vanquished

Notes
Turn   | Place    | Note
-------+----------+-------------------------------------------
     0 | D:1      | Demosthentine the Formicid Fighter began the quest for the
                  | Orb.
     0 | D:1      | Reached XP level 1. HP: 18/18 MP: 1/1
   132 | D:1      | Reached XP level 2. HP: 24/24 MP: 2/2
   403 | D:1      | Reached XP level 3. HP: 29/29 MP: 3/3
   662 | D:2      | Found a bloodstained altar of Trog.
   870 | D:2      | Reached skill level 1 in Dodging
  1284 | D:2      | Reached XP level 4. HP: 28/37 MP: 4/4
  1600 | D:2      | Found an ornate altar of the Wu Jian Council.
  1726 | D:2      | Found a radiant altar of Vehumet.
  1745 | D:2      | Found a stormy altar of Qazlal.
  1746 | D:2      | Found a shimmering blue altar of Sif Muna.
  1751 | D:2      | Found a burning altar of Makhleb.
  2147 | D:3      | Reached XP level 5. HP: 34/42 MP: 5/5
  2502 | D:3      | Noticed a big kobold
  2503 | D:3      | Noticed a big kobold
  2514 | D:3      | Killed a big kobold
  2515 | D:3      | Reached XP level 6. HP: 41/48 MP: 6/6
  2657 | D:3      | Reached skill level 5 in Shields
  2666 | D:3      | Reached XP level 7. HP: 24/55 MP: 7/7
  2674 | D:3      | Reached skill level 5 in Armour
  3049 | D:3      | Reached skill level 5 in Fighting
  3049 | D:3      | Reached XP level 8. HP: 47/62 MP: 8/8
  3582 | D:4      | Found Noxympibusu's General Store.
  3617 | D:4      | Bought a scroll of remove curse for 42 gold pieces
  3617 | D:4      | Bought a potion of heal wounds for 70 gold pieces
  3617 | D:4      | Bought a scroll of silence for 105 gold pieces
  3687 | D:4      | Found a glowing drain.
  3733 | Sewer    | Entered a sewer
  3966 | Sewer    | Found a white marble altar of Elyvilon.
  4029 | D:4      | Found a snail-covered altar of Cheibriados.
  4037 | D:4      | Became a worshipper of Cheibriados the Contemplative
  4326 | D:5      | Entered Level 5 of the Dungeon
  4327 | D:5      | Found a hide-covered altar of Uskayaw.
  4786 | D:5      | Reached skill level 5 in Axes
  4786 | D:5      | Reached XP level 9. HP: 63/69 MP: 9/9
  5113 | D:5      | Reached * piety under Cheibriados
  5994 | D:6      | Found a white marble altar of Elyvilon.
  6006 | D:6      | Reached ** piety under Cheibriados
  6209 | D:6      | Found a basalt altar of Yredelemnul.
  6339 | D:6      | Found a sparkling altar of Nemelex Xobeh.
  6730 | D:7      | Found a hide-covered altar of Uskayaw.
  6731 | D:7      | Found a sacrificial altar of Ru.
  6808 | D:7      | Noticed Joseph
  6821 | D:7      | Killed Joseph
  6822 | D:7      | Reached skill level 5 in Dodging
  6972 | D:7      | Noticed Duvessa
  6972 | D:7      | Noticed Dowan
  6974 | D:7      | Killed Dowan
  6975 | D:7      | Reached XP level 10. HP: 79/79 MP: 10/10
  6988 | D:7      | Killed Duvessa
  7138 | D:7      | Found an iron altar of Okawaru.
  7138 | D:7      | Noticed Maggie
  7142 | D:7      | Noticed Harold
  7160 | D:7      | Killed Maggie
  7160 | D:7      | Killed Harold
  7532 | D:7      | Reached *** piety under Cheibriados
  7701 | D:7      | Found a staircase to the Ecumenical Temple.
  8141 | Temple   | Entered the Ecumenical Temple
  8395 | D:8      | Noticed a two-headed ogre
  8408 | D:8      | Killed a two-headed ogre
  8901 | D:8      | Reached XP level 11. HP: 87/87 MP: 11/11
  9102 | D:8      | Reached **** piety under Cheibriados
  9103 | D:8      | Reached skill level 1 in Invocations
  9120 | D:8      | Found Loun's Distillery.
  9123 | D:8      | Bought 2 potions of mutation for 192 gold pieces
  9517 | D:9      | Found an ancient bone altar of Kikubaaqudgha.
  9831 | D:9      | Found a staircase to the Lair.
 10009 | D:9      | Reached ***** piety under Cheibriados
 10022 | D:9      | Noticed a two-headed ogre
 10032 | D:9      | Killed a two-headed ogre
 10245 | D:9      | Found a broken altar of Ashenzari.
 10643 | D:10     | Entered Level 10 of the Dungeon
 11146 | D:10     | Noticed a two-headed ogre
 11152 | D:10     | Killed a two-headed ogre
 11401 | D:10     | Noticed an orc knight
 11401 | D:10     | Noticed a death knight
 11416 | D:10     | Killed an orc knight
 11420 | D:10     | Killed a death knight
 11758 | D:10     | Noticed a five-headed hydra
 11758 | D:10     | Noticed a boulder beetle
 11764 | D:10     | Reached XP level 12. HP: 10/96 MP: 9/15
 11776 | D:10     | HP: 3/96 [five-headed hydra (5)]
 11777 | D:10     | Slain by a five-headed hydra

Illustrated notes

Levels and vault maps discovered:
D:1:      heliophobic_arrival_dark_side_of_the_moon, layout_rooms,
          corexii_hall_statues_x, chequers_serial_rivers_micro_b
D:2:      kennysheep_big_flooded_room, layout_loops_ring, minitemple,
          pdpol_wu_jian_five_deadly_venoms, lemuel_crystal_altar
D:3:      minmay_goblin_kobold_castle, layout_basic, serial_corexii_hall,
          corexii_hall_statues_t, chequers_hall_statues_wall_a
D:4:      layout_basic, kennysheep_slug_shrine, serial_shops, shop,
          gup_sewer_entry_glass, grunt_ministairs_3, minmay_fractal_squares_5
D:5:      minmay_skewed_foursquare, layout_loops_ring, serial_co_window_serial,
          co_window_corner_a, co_window_corner_a, co_window_corner_a,
          co_window_corner_a, co_window_of_opportunity_a, co_window_paths_a,
          co_window_corner_a, co_window_2corner, glass_columns_a,
          glass_columns_a, glass_columns_c, glass_columns_a, glass_columns_a,
          basic_altar, minmay_liquid_box
D:6:      layout_loops_corners, kennysheep_ying_yang, basic_altar
D:7:      layout_loops_ring, chequers_temple_overflow_statue_of_worship,
          minmay_temple_entry_junction, okawaru_ov_weapons_minmay, uniq_harold,
          uniq_duvessa, uniq_joseph, uniq_maggie
D:8:      layout_basic, serial_shops, shop
D:9:      layout_stronghold, lemuel_coloured_pillars_altar,
          erik_lair_orcish_takeover, basic_altar, minmay_lizard_king
D:10:     minmay_the_grid_plus [minmay_the_grid_stretched_grid,
          minmay_the_grid_rooms, minmay_the_grid_gridbox,
          minmay_the_grid_expand, minmay_the_grid_prize_shrinking_boxes],
          layout_basic, hiddenorc1_lemuel
Temple:   jpeg_temple_alley_garden

Skill      XL: |  1  2  3  4  5  6  7  8  9 10 11 |
---------------+----------------------------------+-----
Dodging        | 1 2 3 4 5 6 7 |  7.4
Shields        | 4 5 6 7 9 |  9.0
Armour         | 4 5 6 7 8 9 |  9.6
Fighting       | 4 5 7 8 9 |  9.5
Axes           | 3 4 5 6 7 8 |  8.5
Invocations    | 4 |  4.9

Action                   |  1- 3 |  4- 6 |  7- 9 | 10-12 || total
-------------------------+-------+-------+-------+-------++-------
Melee: War axe           |    95 |   150 |   369 |   345 ||   959
Invok: Slouch            |       |       |       |     4 ||     4
 Abil: Dig               |     2 |       |     9 |     2 ||    13
Evoke: Wand              |       |       |       |     9 ||     9
  Use: Scroll            |     1 |     5 |    11 |     3 ||    20
       Potion            |       |       |       |    12 ||    12
Armor: Scale mail        |    37 |    75 |   121 |    72 ||   305
       Chain mail        |       |       |       |    10 ||    10
Dodge: Dodged            |    40 |    67 |   159 |   210 ||   476
Block: Kite shield       |    51 |   111 |   202 |   275 ||   639

Table legend: (Time is in decaauts)
 A = Elapsed time spent in this place.
 B = Non-inter-level travel time spent in this place.
 C = Inter-level travel time spent in this place.
 D = Time resting spent in this place.
 E = Time spent auto-exploring this place.
 F = Levels seen in this place.
 G = Mean time per level.
                   A        B        C        D        E       F      G
               +--------+--------+--------+--------+--------+-----+--------+
         Total |  14422 |  13983 |    439 |   1248 |  10313 |  12 | 1201.8 |
       Dungeon |  13767 |  13329 |    438 |   1248 |   9771 |  10 | 1376.7 |
        Temple |    349 |    349 |      0 |      0 |    288 |   1 |  349.0 |
         Sewer |    306 |    306 |      0 |      0 |    253 |   1 |  306.0 |
               +--------+--------+--------+--------+--------+-----+--------+

Top non-repeatable levels by time:
     D:9: 1970 daAuts
     D:7: 1960 daAuts
     D:6: 1557 daAuts
     D:3: 1525 daAuts
     D:5: 1387 daAuts
    D:10: 1362 daAuts
     D:2: 1353 daAuts
     D:8: 1250 daAuts
     D:4: 784 daAuts
     D:1: 615 daAuts
  Temple: 349 daAuts
   Sewer: 306 daAuts
